SKY
ARIZONA DIAMONDBACKS @ PORTLAND HOPS
05/14/2052
 
TOP OF THE 1ST
Arizona Diamondbacks batting - Pitching for Portland Hops : RHP Lucas Mills
Pitching: RHP Lucas Mills
Batting: RHB Gaius Raton 0-0: Called Strike
0-1: Ball
1-1: Fly out, F9 (Flyball, 89S, EV 95.6 MPH)
Batting: LHB Oliver Paradis 0-0: Ball
1-0: Ball
2-0: Ground out 4-3 (Groundball, 4, EV 90.6 MPH)
Batting: LHB Peter Conrad 0-0: Called Strike
0-1: Foul Ball, location: 2F
0-2: Ball
1-2: Strikes out looking
Top of the 1st over - 0 runs, 0 hits, 0 errors, 0 left on base; Arizona 0 - Portland 0
BOTTOM OF THE 1ST
Portland Hops batting - Pitching for Arizona Diamondbacks : RHP Hunter Halonen
Pitching: RHP Hunter Halonen
Batting: RHB Mason Stapleton 0-0: Ground out 4-3 (Groundball, 4, EV 106.3 MPH)
Batting: LHB Tyler Schember 0-0: Ball
1-0: Called Strike
1-1: SINGLE (Flyball, 6D, EV 89.4 MPH)
Batting: LHB Lobo Peña 0-0: Swinging Strike
0-1: Called Strike
0-2: Ball
1-2: Ball
2-2: Foul Ball, location: 9LMF
2-2: Strikes out swinging
Batting: RHB Oliver Melendez 0-0: Ball
1-0: Ball
2-0: Called Strike
2-1: Swinging Strike
2-2: SINGLE (Groundball, 6MD, EV 98.8 MPH)
Tyler Schember to second
Runner from 2nd tries for 3rd, SAFE, no throw by CF
Batting: LHB Hiroshi Takase 0-0: Ball
1-0: Called Strike
1-1: Foul Ball, location: 2F
1-2: DOUBLE (Line Drive, 8LXD, EV 109.4 MPH)
Tyler Schember scores
Oliver Melendez to third
Batting: RHB Ben Schubert 0-0: Called Strike
0-1: Ball
1-1: Called Strike
1-2: Ball
2-2: Foul Ball, location: 5FF
2-2: Strikes out swinging
Bottom of the 1st over - 1 run, 3 hits, 0 errors, 2 left on base; Arizona 0 - Portland 1
TOP OF THE 2ND
Arizona Diamondbacks batting - Pitching for Portland Hops : RHP Lucas Mills
Batting: LHB Glenn Pichardo 0-0: Foul Ball, location: 3FF
0-1: Ball
1-1: Foul Ball, location: 2LF
1-2: Foul Ball, location: 9LDF
1-2: Fly out, F7 (Flyball, 78M, EV 90.6 MPH)
Batting: RHB Duncan Hancock 0-0: Ball
1-0: Ball
2-0: Called Strike
2-1: SINGLE (Groundball, 4D, EV 104.4 MPH)
Batting: LHB Michael Freeman 0-0: Ball
1-0: Foul Ball, location: 3F
1-1: Ball
2-1: Called Strike
2-2: Ball
3-2: Strikes out looking
Batting: RHB Josef Horne 0-0: Called Strike
0-1: Ball
1-1: Called Strike
1-2: Ball
2-2: Foul Ball, location: 9LMF
2-2: Ball
3-2: SINGLE (Flyball, 8LS, EV 90.0 MPH)
Duncan Hancock to second
Duncan Hancock to third
Batting: RHB Tadd Bateman 0-0: Ball
1-0: Foul Ball, location: 5SF
1-1: Ball
2-1: Foul Ball, location: 25F
2-2: Ball
3-2: SINGLE (Groundball, 6MD, EV 105.0 MPH)
Duncan Hancock scores
Josef Horne to second
Josef Horne to third
Batting: RHB Luís Estrada 0-0: Ball
1-0: Swinging Strike
1-1: Ball
2-1: Foul Ball, location: 5FF
2-2: Foul Ball, location: 5F, Error on foul ball, E5
2-2: Fielders Choice at 2nd, 6-4 (Groundball, 6, EV 83.1 MPH)
Top of the 2nd over - 1 run, 3 hits, 1 error, 2 left on base; Arizona 1 - Portland 1
BOTTOM OF THE 2ND
Portland Hops batting - Pitching for Arizona Diamondbacks : RHP Hunter Halonen
Batting: LHB Roy Popko 0-0: Ball
1-0: Foul Ball, location: 3F
1-1: Foul Ball, location: 2F
1-2: Ground out 1-3 (Groundball, 13, EV 63.8 MPH)
Batting: RHB Pete Koo 0-0: Ball
1-0: Swinging Strike
1-1: Ball
2-1: SINGLE (Line Drive, 3L, EV 110.0 MPH)
Batting: RHB Dean Cunningham 0-0: Ball
1-0: Called Strike
1-1: Called Strike
1-2: Ball
Pete Koo steals 2nd base
2-2: Foul Ball, location: 5F
2-2: SINGLE (Groundball, 6MD, EV 108.1 MPH)
Pete Koo to third
Runner from 3rd tries for Home, SAFE, throw by CF to home
Dean Cunningham to second
Batting: RHB Mason Stapleton 0-0: Swinging Strike
0-1: Called Strike
0-2: Ball
1-2: Ball
2-2: Ball
3-2: Base on Balls
Batting: LHB Tyler Schember 0-0: Called Strike
0-1: Swinging Strike
0-2: Fly out, F9 (Flyball, 9, EV 87.5 MPH)
Batting: LHB Lobo Peña 0-0: Ball
1-0: Foul Ball, location: 25F
1-1: Called Strike
1-2: Foul Ball, location: 2RF
1-2: Foul Ball, location: 9LSF
1-2: Strikes out looking
Bottom of the 2nd over - 1 run, 2 hits, 0 errors, 2 left on base; Arizona 1 - Portland 2
TOP OF THE 3RD
Arizona Diamondbacks batting - Pitching for Portland Hops : RHP Lucas Mills
Batting: RHB Gaius Raton 0-0: Ball
1-0: Ball
2-0: Ball
3-0: Called Strike
3-1: Fly out, F9 (Flyball, 89M, EV 86.9 MPH)
Batting: LHB Oliver Paradis 0-0: Ground out 4-3 (Groundball, 4, EV 86.3 MPH)
Batting: LHB Peter Conrad 0-0: Called Strike
0-1: Ball
1-1: Foul Ball, location: 5SF
1-2: SINGLE (Groundball, 4MD, EV 100.0 MPH)
Batting: LHB Glenn Pichardo 0-0: Ball
1-0: SINGLE (Groundball, 4MD, EV 99.4 MPH)
Peter Conrad to second
Batting: RHB Duncan Hancock 0-0: Swinging Strike
0-1: Swinging Strike
0-2: Strikes out looking
Top of the 3rd over - 0 runs, 2 hits, 0 errors, 2 left on base; Arizona 1 - Portland 2
BOTTOM OF THE 3RD
Portland Hops batting - Pitching for Arizona Diamondbacks : RHP Hunter Halonen
Batting: RHB Oliver Melendez 0-0: Ground out U3 (Groundball, 3L, EV 81.9 MPH)
Batting: LHB Hiroshi Takase 0-0: Ball
1-0: Ball
2-0: Ball
3-0: Called Strike
3-1: Called Strike
3-2: Ground out 4-3 (Groundball, 4, EV 102.5 MPH)
Batting: RHB Ben Schubert 0-0: Ball
1-0: Ball
2-0: Ball
3-0: Called Strike
3-1: Called Strike
3-2: Foul Ball, location: 2LF
3-2: Foul Ball, location: 2F
3-2: Foul Ball, location: 2F
3-2: Ground out 6-3 (Groundball, 56D, EV 106.3 MPH)
Bottom of the 3rd over - 0 runs, 0 hits, 0 errors, 0 left on base; Arizona 1 - Portland 2
TOP OF THE 4TH
Arizona Diamondbacks batting - Pitching for Portland Hops : RHP Lucas Mills
Batting: LHB Michael Freeman 0-0: Foul Ball, location: 3F
0-1: Ball
1-1: Fly out, F7 (Flyball, 7, EV 81.3 MPH)
Batting: RHB Josef Horne 0-0: Ball
1-0: Called Strike
1-1: Called Strike
1-2: Ground out 3-1 (Groundball, 34S, EV 86.9 MPH)
Batting: RHB Tadd Bateman 0-0: Ball
1-0: Called Strike
1-1: Ground out 6-3 (Groundball, 6, EV 84.4 MPH)
Top of the 4th over - 0 runs, 0 hits, 0 errors, 0 left on base; Arizona 1 - Portland 2
BOTTOM OF THE 4TH
Portland Hops batting - Pitching for Arizona Diamondbacks : RHP Hunter Halonen
Batting: LHB Roy Popko 0-0: Called Strike
0-1: Foul Ball, location: 5DF
0-2: Strikes out swinging
Batting: RHB Pete Koo 0-0: Foul Ball, location: 2F
0-1: Ball
1-1: DOUBLE (Groundball, 5L, EV 103.1 MPH)
Batting: RHB Dean Cunningham 0-0: Called Strike
0-1: Ball
1-1: Called Strike
1-2: Foul Ball, location: 2F
1-2: Strikes out swinging
Batting: RHB Mason Stapleton 0-0: Swinging Strike
0-1: Ball
1-1: Called Strike
1-2: DOUBLE (Line Drive, 8LD, EV 98.1 MPH)
Pete Koo scores
Batting: LHB Tyler Schember 0-0: Fly out, F6 (Popup, 6M, EV 54.4 MPH)
Bottom of the 4th over - 1 run, 2 hits, 0 errors, 1 left on base; Arizona 1 - Portland 3
TOP OF THE 5TH
Arizona Diamondbacks batting - Pitching for Portland Hops : RHP Lucas Mills
Batting: RHB Luís Estrada 0-0: Foul Ball, location: 5FF
0-1: Ball
1-1: Called Strike
1-2: Ball
2-2: Strikes out swinging
Batting: RHB Gaius Raton 0-0: Fly out, F8 (Flyball, 8LD, EV 93.1 MPH)
Batting: LHB Oliver Paradis 0-0: Ball
1-0: SINGLE (Line Drive, 8LS, EV 98.1 MPH)
Batting: LHB Peter Conrad 0-0: Called Strike
Oliver Paradis steals 2nd base
0-1: Ball
1-1: Ball
2-1: DOUBLE (Flyball, 8RXD, EV 102.5 MPH)
Oliver Paradis scores
Batting: LHB Glenn Pichardo 0-0: Hit by Pitch
Batting: RHB Duncan Hancock 0-0: Called Strike
0-1: Foul Ball, location: 23FF
0-2: SINGLE (Line Drive, 6MD, EV 101.9 MPH)
Peter Conrad to third
Glenn Pichardo to second
Runner from 3rd tries for Home, SAFE, throw by CF to home
Batting: LHB Michael Freeman 0-0: Ball
1-0: Ball
2-0: Ball
3-0: Base on Balls
Glenn Pichardo to third
Duncan Hancock to second
Batting: RHB Josef Horne 0-0: Foul Ball, location: 2F
0-1: Foul Ball, location: 2F
0-2: Ball
1-2: DOUBLE (Line Drive, 8RXD, EV 103.8 MPH)
Glenn Pichardo scores
Duncan Hancock scores
Michael Freeman to third
Pitching: RHP Ugo Graham
Batting: RHB Tadd Bateman 0-0: Called Strike
0-1: Ball
1-1: Swinging Strike
1-2: Ball
2-2: Ball
3-2: Base on Balls
Batting: RHB Luís Estrada 0-0: Called Strike
0-1: Ball
1-1: SINGLE (Line Drive, 89S, EV 100.6 MPH)
Michael Freeman scores
Josef Horne to third
Tadd Bateman to second
Runner from 3rd tries for Home, SAFE, throw by RF to home
Batting: RHB Gaius Raton 0-0: Ball
1-0: Fielders Choice at 2nd, 6-4 (Groundball, 6, EV 79.4 MPH)
Top of the 5th over - 6 runs, 5 hits, 0 errors, 2 left on base; Arizona 7 - Portland 3
BOTTOM OF THE 5TH
Portland Hops batting - Pitching for Arizona Diamondbacks : RHP Hunter Halonen
Batting: LHB Lobo Peña 0-0: Ball
1-0: Swinging Strike
1-1: Swinging Strike
1-2: Ball
2-2: Strikes out looking
Batting: RHB Oliver Melendez 0-0: Ball
1-0: Fly out, F7 (Flyball, 78M, EV 87.5 MPH)
Batting: LHB Hiroshi Takase 0-0: Called Strike
0-1: Ball
1-1: Ground out 4-3 (Groundball, 4M, EV 91.9 MPH)
Bottom of the 5th over - 0 runs, 0 hits, 0 errors, 0 left on base; Arizona 7 - Portland 3
TOP OF THE 6TH
Arizona Diamondbacks batting - Pitching for Portland Hops : RHP Ugo Graham
Batting: LHB Oliver Paradis 0-0: Called Strike
0-1: Foul Ball, location: 2F
0-2: Foul Ball, location: 5FF
0-2: Fly out, F8 (Flyball, 8RS, EV 88.1 MPH)
Batting: LHB Peter Conrad 0-0: Called Strike
0-1: Called Strike
0-2: Ball
1-2: Ball
2-2: Ball
3-2: Foul Ball, location: 2F
3-2: Base on Balls
Batting: LHB Glenn Pichardo 0-0: Ball
1-0: Foul Ball, location: 7LSF
1-1: Ball
2-1: Swinging Strike
2-2: Strikes out swinging
Batting: RHB Duncan Hancock 0-0: Swinging Strike
0-1: Foul Ball, location: 2F
0-2: Ball
1-2: Ball
2-2: Ground out 5-3 (Groundball, 56S, EV 65.0 MPH)
Top of the 6th over - 0 runs, 0 hits, 0 errors, 1 left on base; Arizona 7 - Portland 3
BOTTOM OF THE 6TH
Portland Hops batting - Pitching for Arizona Diamondbacks : RHP Hunter Halonen
Batting: RHB Ben Schubert 0-0: Foul Ball, location: 2F
0-1: DOUBLE (Line Drive, 9LM, EV 110.6 MPH)
Batting: LHB Roy Popko 0-0: Ball
1-0: Reached on error, E4 (Groundball, 4D, EV 82.5 MPH)
Pitching: RHP Bill Jurs
Pinch Hitting: LHB Noah Austin 0-0: Ball
1-0: Ball
2-0: Foul Ball, location: 2RF
2-1: Swinging Strike
2-2: Ball
3-2: Foul Ball, location: 23F
3-2: Foul Ball, location: 2F
3-2: Strikes out looking
Batting: RHB Dean Cunningham 0-0: Called Strike
0-1: Fly out, F8 (Flyball, 8LM, EV 86.3 MPH)
Batting: RHB Mason Stapleton 0-0: Called Strike
0-1: Foul Ball, location: 3F
0-2: Ball
1-2: Ball
2-2: Strikes out swinging
Bottom of the 6th over - 0 runs, 1 hit, 1 error, 2 left on base; Arizona 7 - Portland 3
TOP OF THE 7TH
Arizona Diamondbacks batting - Pitching for Portland Hops : RHP Ugo Graham
Now in LF: Noah Austin
Now in CF: Hiroshi Takase
Batting: LHB Michael Freeman 0-0: Ball
1-0: Foul Ball, location: 3FF
1-1: Foul Ball, location: 2F
1-2: Ball
2-2: Strikes out swinging
Pitching: LHP John Burns
Batting: RHB Josef Horne 0-0: SINGLE (Line Drive, 34D, EV 95.6 MPH)
Batting: RHB Tadd Bateman 0-0: Foul Ball, location: 25FF
0-1: Grounds into double play, 6-4-3 (Groundball, 6, EV 85.0 MPH)
Top of the 7th over - 0 runs, 1 hit, 0 errors, 0 left on base; Arizona 7 - Portland 3
BOTTOM OF THE 7TH
Portland Hops batting - Pitching for Arizona Diamondbacks : RHP Bill Jurs
Batting: LHB Tyler Schember 0-0: Ball
1-0: Called Strike
1-1: Ball
2-1: Swinging Strike
2-2: Fly out, F8 (Flyball, 8LM, EV 81.9 MPH)
Batting: LHB Lobo Peña 0-0: Foul Ball, location: 7LSF
0-1: SINGLE (Line Drive, 89S, EV 98.1 MPH)
Batting: RHB Oliver Melendez 0-0: Ball
1-0: Ball
2-0: Grounds into double play, 5-4-3 (Groundball, 56, EV 101.3 MPH)
Bottom of the 7th over - 0 runs, 1 hit, 0 errors, 0 left on base; Arizona 7 - Portland 3
TOP OF THE 8TH
Arizona Diamondbacks batting - Pitching for Portland Hops : LHP John Burns
Batting: RHB Luís Estrada 0-0: Swinging Strike
0-1: Ball
1-1: Swinging Strike
1-2: Strikes out swinging
Batting: RHB Gaius Raton 0-0: Ground out 2-3 (Groundball, 15S, EV 70.0 MPH)
Batting: LHB Oliver Paradis 0-0: Called Strike
0-1: Ground out 4-3 (Groundball, 4, EV 89.4 MPH)
Top of the 8th over - 0 runs, 0 hits, 0 errors, 0 left on base; Arizona 7 - Portland 3
BOTTOM OF THE 8TH
Portland Hops batting - Pitching for Arizona Diamondbacks : RHP Bill Jurs
Batting: LHB Hiroshi Takase 0-0: Ball
1-0: Called Strike
1-1: Called Strike
1-2: Ball
2-2: Strikes out swinging
Pinch Hitting: LHB Daniel Lugo 0-0: Ball
1-0: Swinging Strike
1-1: Ball
2-1: SINGLE (Line Drive, 6D, EV 103.1 MPH)
Batting: LHB Roy Popko 0-0: Swinging Strike
0-1: Ball
1-1: Foul Ball, location: 5DF
1-2: Foul Ball, location: 2F
1-2: Foul Ball, location: 7LMF
1-2: Foul Ball, location: 2F
1-2: Ball
2-2: Ball
3-2: Grounds into double play, 4-6-3 (Groundball, 4, EV 88.1 MPH)
Bottom of the 8th over - 0 runs, 1 hit, 0 errors, 0 left on base; Arizona 7 - Portland 3
TOP OF THE 9TH
Arizona Diamondbacks batting - Pitching for Portland Hops : LHP John Burns
Now at 1B: Tyler Schember
Now at 2B: Roy Popko
Now in LF: Daniel Lugo
Now in RF: Noah Austin
Batting: LHB Peter Conrad 0-0: Swinging Strike
0-1: Fly out, F7 (Flyball, 7D, EV 106.3 MPH)
Batting: LHB Glenn Pichardo 0-0: Ball
1-0: Fly out, F9 (Flyball, 89D, EV 80.0 MPH)
Batting: RHB Duncan Hancock 0-0: Called Strike
0-1: Called Strike
0-2: SINGLE (Line Drive, 6MD, EV 107.5 MPH)
Batting: LHB Michael Freeman 0-0: Ground out U3 (Groundball, 3, EV 103.8 MPH)
Top of the 9th over - 0 runs, 1 hit, 0 errors, 1 left on base; Arizona 7 - Portland 3
BOTTOM OF THE 9TH
Portland Hops batting - Pitching for Arizona Diamondbacks : RHP Bill Jurs
Pitching: RHP Yadiel Berroa
Batting: LHB Noah Austin 0-0: Ball
1-0: Ground out 4-3 (Groundball, 4D, EV 104.4 MPH)
Batting: RHB Dean Cunningham 0-0: Ball
1-0: Called Strike
1-1: Ball
2-1: Swinging Strike
2-2: Ball
3-2: Strikes out looking
Batting: RHB Mason Stapleton 0-0: Ball
1-0: Ground out 1-3 (Groundball, 34S, EV 70.0 MPH)
Bottom of the 9th over - 0 runs, 0 hits, 0 errors, 0 left on base; Arizona 7 - Portland 3
Sunday, April 21st , 2024 - OOTP Baseball 24.11 Build 85